 Dungeon Crawl Stone Soup version 0.31-a0-435-g2c6fae2916 (webtiles) character file.

Game seed: 5169379848220822472

4557 Flugkiller the Mimic (level 10, -2/59 HPs)
             Began as a Deep Elf Shapeshifter on Aug 1, 2023.
             Was a Priest of Makhleb.
             Slain by a wyvern (15 damage)
             ... on level 9 of the Dungeon.
             The game lasted 00:12:37 (8523 turns).

Flugkiller the Mimic (Deep Elf Shapeshifter)        Turns: 8523, Time: 00:12:37

Health: -2/59      AC:  2    Str: 12    XL:     10   Next: 18%
Magic:  18/18      EV: 15    Int: 14    God:    Makhleb [***...]
Gold:   446        SH:  0    Dex: 19    Spells: 9/9 levels left

rFire   . . .        w - +4 trident (protect)
rCold   . . .        (no shield)
rNeg    . . .        g - melded +1 ring mail
rPois   .            m - +0 helmet
rElec   .            o - +0 cloak
rCorr   .            (no gloves)
SInv    +            (no boots)
Will    +....        F - amulet of regeneration
Stlth   ++           i - ring of see invisible
HPRegen 1.09/turn    (no ring)
MPRegen 0.16/turn

%: no passive effects
@: maw-form
A: devouring maw
a: Begin Untransformation, Renounce Religion, Minor Destruction, Lesser Servant
of Makhleb


You were on level 9 of the Dungeon.
You worshipped Makhleb.
Makhleb was most pleased with you.
You were a creature with a mouth for a stomach.
You visited 1 branch of the dungeon, and saw 9 of its levels.
You also visited: Sewer.

You collected 446 gold pieces.

Inventory:

Hand Weapons
 v - a +3 dagger of draining
   (You took it off an orc wizard on level 4 of the Dungeon)
 w - a +4 trident of protection (weapon)
   (You took it off a gnoll sergeant on level 7 of the Dungeon)
 y - the +6 falchion of Nibroroq {holy, rN+ Int+5 Dex-4 Stlth+}
   (You found it in a sewer)

   Int:       It affects your intelligence (+5).
   Dex:       It affects your dexterity (-4).
   rN:        It protects you from negative energy.
   Stlth:     It makes you more stealthy.
Missiles
 z - 6 curare-tipped darts
 E - 7 throwing nets
Armour
 g - a +1 ring mail (melded)
   (You found it on level 1 of the Dungeon)
 m - a +0 helmet (worn)
   (You took it off Robin on level 2 of the Dungeon)
 o - a +0 cloak (worn)
   (You found it on level 2 of the Dungeon)
Jewellery
 i - a ring of see invisible (left hand)
   (You found it on level 6 of the Dungeon)
 p - an amulet of reflection
   (You found it on level 2 of the Dungeon)
 q - a ring of wizardry
   (You found it on level 7 of the Dungeon)
 F - an amulet of regeneration (around neck)
   (You found it on level 7 of the Dungeon)
Talismans
 c - a beast talisman
 x - a maw talisman (active)
   (You found it on level 6 of the Dungeon)
Wands
 e - a wand of mindburst (21)
   (You found it on level 4 of the Dungeon)
 u - a wand of flame (58)
   (You found it on level 4 of the Dungeon)
Scrolls
 b - a scroll of enchant armour
 f - 2 scrolls of silence
 j - 5 scrolls of immolation
 r - a scroll of enchant weapon {unknown}
 s - 2 scrolls of fog
 A - 4 scrolls of revelation
 C - a scroll of fear
 G - a scroll of blinking {unknown}
 H - a scroll of teleportation {unknown}
Potions
 a - a potion of attraction
 d - 4 potions of might
 h - 2 potions of haste
 k - a potion of invisibility
 l - 2 potions of mutation
 n - a potion of resistance
 t - a potion of enlightenment
 B - 2 potions of ambrosia {unknown}
 D - a potion of lignification


   Skills:
 - Level 5.0 Fighting
 * Level 6.0 Dodging
 - Level 3.3 Unarmed Combat
 + Level 8.3 Invocations
 - Level 2.0 Evocations
 + Level 9.5 Shapeshifting


You had 9 spell levels left.
You didn't know any spells.
Your spell library contained the following spells:

 Spells                   Type           Power      Damage    Failure   Level
 Lesser Beckoning         Tloc           0%         N/A       41%         2
 Poisonous Vapours        Pois/Air       0%         N/A       41%         2
 Gell's Gravitas          Tloc           0%         N/A       65%         3
 Summon Guardian Golem    Hex/Summ       0%         N/A       65%         3
 Teleport Other           Tloc           0%         N/A       65%         3
 Volatile Blastmotes      Fire/Tloc      0%         2d10      65%         3
 Fireball                 Conj/Fire      0%         3d3       100%        5
 Orb of Destruction       Conj           0%         9d5       100%        7
 Spellforged Servitor     Conj/Summ      0%         N/A       100%        7


Dungeon Overview and Level Annotations

Branches:
Dungeon (9/15) Zot: 26837  Temple (0/1) D:7            Lair (0/5) D:8
  Sewer (visited)
    Orc: D:9-12

Altars:
Cheibriados
Elyvilon
Kikubaaqudgha
Makhleb
Okawaru
Trog


Message History

You reach to attack!
You hit the kobold brigand.
The kobold brigand is lightly wounded.
You feel extremely sick.
The kobold brigand throws a curare-tipped dart.
The curare-tipped dart hits you.
You are more poisoned.
You have difficulty breathing.
You feel as though you will be slow longer.
You are too injured to fight recklessly!
Really quaff the potion of lignification?
Your transformation has ended.
Your +1 ring mail unmelds from your body.
You turn into a tree.
Your +0 cloak melds into your body.
Your +0 helmet melds into your body.
Your +1 ring mail melds into your body.
Your roots penetrate the ground.
You feel extremely sick.
The kobold brigand hits you but does no damage.
A demon appears!
You feel extremely sick.
The kobold brigand completely misses you.
The kobold brigand hits you but does no damage.
You hit the kobold brigand.
Your weapon exudes an aura of protection.
The kobold brigand is moderately wounded.
You feel very sick.
Your smoke demon hits the kobold brigand.
Your smoke demon hits the kobold brigand but does no damage. x2
The kobold brigand hits you but does no damage.
You closely miss the kobold.
You feel very sick.
Your smoke demon barely misses the kobold brigand.
Your smoke demon closely misses the kobold brigand.
Your smoke demon hits the kobold brigand.
The kobold hits you with a +0 dagger.
* * * LOW HITPOINT WARNING * * *
The kobold brigand hits you but does no damage.
Your smoke demon hits the kobold brigand. x3
You hit the kobold.
You kill the kobold!
Makhleb accepts your kill.
You feel better.
You feel very sick.
The kobold brigand hits you but does no damage.
Your smoke demon hits the kobold brigand.
The kobold brigand dies!
Makhleb accepts your kill.
You start resting.
You feel sick. x3
You are no longer poisoned.
You start resting.
Your transformation is almost over.
You feel less wooden.
Your +0 cloak unmelds from your body.
Your +0 helmet unmelds from your body.
Your +1 ring mail unmelds from your body.
You turn into a creature with a mouth for a stomach.
Your +1 ring mail melds into your body.
You swap places.
z - 6 curare-tipped darts (gained 1)
You see here a +0 short sword.
Items here: ( ))).
You swap places.
There is a stone staircase leading up here.
You climb upwards.
Your summoned ally is left behind.
You feel yourself speed up.
There is a stone staircase leading down here.
You start resting.
HP restored.
You climb downwards.
There is a stone staircase leading up here.
You see here a +0 short sword.
r - a scroll labelled VEDYFA USIH
G - a scroll labelled KUUFEM MEUNI
Found a hand axe.
Found a stone staircase leading down.
An orc warrior and an orc come into view.
The orc warrior shouts!
There are monsters nearby!
There are monsters nearby!
Found a stone staircase leading down.
You see here a +0 hand axe.
You start waiting.
An orc warrior is nearby!
The orc warrior unwields a +0 trident.
The orc warrior wields a +0 orcbow.
The orc warrior shoots an arrow.
The arrow hits you!
A wyvern comes into view.
The orc warrior shoots an arrow.
The arrow closely misses you.
The wyvern hisses angrily.
You start resting.
A wyvern is nearby!
A demon appears!
You closely miss the wyvern. You bite the wyvern!
The wyvern is moderately wounded.
The wyvern misses you. The wyvern bites you!
Your neqoxec closely misses the wyvern.
You barely miss the wyvern.
The wyvern is moderately wounded.
The wyvern bites you!!
* * * LOW HITPOINT WARNING * * *
A killer bee comes into view.
The wyvern bites you!
You die...

### ##.## #######
##...####.....#######
########...................#
#..............y...........#
#.####........##.....#.##..#
#.#....).o..........#..##..# #
#.#.##........##...........##.#
#....##.#.....##W3..##.#.......
#..#.##.###.####l.#.##.....#
............#..............#
....###..#....#..##.##...#.#
.##.# #..#.#...#.##.##...# # .
.# #.>.>##..........#.# . o# .
#.##.#..#)##.#.## . #o
...##....)<.......
..#..........##.....


You could see a wyvern (ally target), a killer bee and a friendly neqoxec
(summoned).

Vanquished Creatures
  Amaemon (D:8)
  A yak (D:8)
  Eustachio (D:5)
  Edmund (D:6)
  A water moccasin (D:6)
  A sky beast (D:6)
  An orc warrior (D:6)
  2 ogres
  3 black bears
  3 phantoms
  A kobold brigand (D:6)
  3 bullfrogs
  A gnoll sergeant (D:7)
  3 scorpions
  6 killer bees (D:7)
  4 gnoll boudas (D:7)
  4 hounds
  2 sleepcaps
  2 jellies
  An orc wizard (D:4)
  Natasha (thrice) (D:2)
  2 iguanas
  Robin (D:2)
  12 gnolls
  7 adders
  3 river rats (Sewer)
  4 white imps
  2 ufetubi (D:6)
  A worm (D:2)
  2 dart slugs (D:1)
  15 orcs
  A bat (D:1)
  4 endoplasms
  4 giant cockroaches
  12 goblins
  6 hobgoblins
  3 jackals (D:7)
  6 quokkas
  3 ball pythons
  14 kobolds
  8 rats
155 creatures vanquished.

Vanquished Creatures (collateral kills)
  An orange demon (D:8)
  A hornet (D:8)
  A black bear (D:8)
  A kobold brigand (D:9)
  A gnoll sergeant (D:7)
  6 killer bees (D:7)
  A hound (D:7)
  A hell rat (Sewer)
13 creatures vanquished.

Grand Total: 168 creatures vanquished

Notes
Turn   | Place    | Note
-------+----------+-------------------------------------------
     0 | D:1      | Flugkiller the Deep Elf Shapeshifter began the quest for
                  | the Orb.
     0 | D:1      | Reached XP level 1. HP: 11/11 MP: 3/3
    30 | D:1      | Reached skill level 1 in Fighting
    33 | D:1      | Found a faded altar of an unknown god.
   181 | D:1      | Prayed at the altar of an unknown god.
   181 | D:1      | Became a worshipper of Makhleb the Destroyer
   181 | D:1      | Reached * piety under Makhleb
   339 | D:1      | Reached XP level 2. HP: 4/17 MP: 4/4
  1136 | D:2      | Reached XP level 3. HP: 21/21 MP: 5/5
  1166 | D:2      | Noticed Robin
  1215 | D:2      | Killed Robin
  1350 | D:2      | Noticed Natasha
  1353 | D:2      | Killed Natasha
  1354 | D:2      | Reached XP level 4. HP: 27/27 MP: 6/6
  1480 | D:2      | Noticed Natasha
  1490 | D:2      | Killed Natasha
  1491 | D:2      | Reached skill level 4 in Shapeshifting
  2086 | D:2      | Noticed Natasha
  2096 | D:2      | Killed Natasha
  2097 | D:2      | Reached XP level 5. HP: 24/31 MP: 7/7
  2790 | D:4      | Noticed a phantom
  2850 | D:3      | Reached ** piety under Makhleb
  2956 | D:4      | Identified the +0 ring mail of Pismat {Int+6}
  2972 | D:4      | Noticed a black bear
  3198 | D:4      | Killed a phantom
  3199 | D:4      | Reached XP level 6. HP: 16/36 MP: 8/8
  3504 | D:4      | Reached skill level 1 in Invocations
  3882 | D:4      | Reached skill level 5 in Shapeshifting
  3933 | D:4      | Reached XP level 7. HP: 17/41 MP: 10/10
  4165 | D:5      | Entered Level 5 of the Dungeon
  4280 | D:5      | Found an ancient bone altar of Kikubaaqudgha.
  4310 | D:5      | Reached skill level 5 in Invocations
  4395 | D:5      | Found an iron altar of Okawaru.
  4710 | D:6      | Found a glowing drain.
  4731 | Sewer    | Entered a sewer
  4752 | Sewer    | Reached *** piety under Makhleb
  4844 | Sewer    | Identified the +6 falchion of Nibroroq {holy, rN+ Int+5
                  | Dex-4 Stlth+}
  5006 | D:6      | Noticed Edmund
  5009 | D:6      | Reached skill level 5 in Dodging
  5009 | D:6      | Reached XP level 8. HP: 43/48 MP: 13/13
  5019 | D:6      | Killed Edmund
  5396 | D:6      | Found a snail-covered altar of Cheibriados.
  5476 | D:6      | Found a white marble altar of Elyvilon.
  5536 | D:6      | Noticed Eustachio
  5575 | D:6      | Reached skill level 5 in Fighting
  5721 | D:5      | Killed Eustachio
  5722 | D:5      | Reached skill level 6 in Shapeshifting
  6064 | D:7      | Reached skill level 7 in Shapeshifting
  6090 | D:7      | Got the Essays on the Singed Cure
  6109 | D:7      | Found a staircase to the Ecumenical Temple.
  6134 | D:7      | Reached XP level 9. HP: 45/54 MP: 14/14
  6157 | D:7      | Reached **** piety under Makhleb
  6415 | D:7      | Found a bloodstained altar of Trog.
  6594 | D:7      | Reached skill level 8 in Shapeshifting
  7533 | D:8      | Noticed Amaemon
  7539 | D:8      | Noticed an orange demon
  7541 | D:8      | Killed Amaemon
  7542 | D:8      | Reached skill level 9 in Shapeshifting
  7546 | D:8      | Killed an orange demon
  7547 | D:8      | Reached XP level 10. HP: 49/59 MP: 17/17
  7693 | D:8      | Paralysed by a hornet for 2 turns
  7801 | D:8      | Noticed an elephant
  7921 | D:8      | Found a staircase to the Lair.
  8523 | D:9      | Slain by a wyvern

Illustrated notes

Levels and vault maps discovered:
D:1:      beargit_arrival_greenhouse, layout_rooms,
          shapermc_ecumenical_altar_mp_urbaneastern, eino_curves_02
D:2:      layout_basic, uniq_natasha, uniq_robin
D:3:      layout_rooms
D:4:      layout_cave_pools
D:5:      layout_rooms, kiku_gazebo_pond_becter, okawaru_trees_1
D:6:      layout_cave_pools, mainiacjoe_overflow_large_starburst,
          gup_sewer_entry_pipe, minmay_between, uniq_eustachio, uniq_edmund
D:7:      layout_cave_pools, marbit_many_paths, minmay_temple_entry_wispy,
          serial_gnoll_camp, gnoll_camp_mini_hut, gnoll_camp_mini_hut,
          gnoll_camp_mini_hut, gnoll_camp_mini_hut, gnoll_camp_medium_02
D:8:      layout_cave_pods, david_lair_generic, grunt_ogre_cave,
          dk_noncrumbling_2, uniq_amaemon
D:9:      layout_loops_ring, orc_0_dummy, serial_shops, shop,
          hangedman_abyss_or_decor_lesser_grid

Skill      XL: |  1  2  3  4  5  6  7  8  9 10 |
---------------+-------------------------------+-----
Fighting       | 1 2 3 4 5 |  5.0
Dodging        | 3 4 5 6 |  6.0
Shapeshifting  | 4 5 7 9 |  9.5
Unarmed Combat | 3 |  3.3
Invocations    | 2 5 7 8 |  8.3
Evocations     | 2 |  2.0

Action                     |  1- 3 |  4- 6 |  7- 9 | 10-12 || total
---------------------------+-------+-------+-------+-------++-------
  Melee: Unarmed           |    89 |   170 |       |       ||   259
         Punch             |     4 |     2 |     6 |     2 ||    14
         Dagger            |       |     9 |   306 |       ||   315
         Trident           |       |       |     9 |    33 ||    42
         Maw               |       |       |       |     3 ||     3
 Invoke: Minor Destruction |       |     7 |    50 |     1 ||    58
         Lesser Servant of |       |       |     6 |     3 ||     9
  Evoke: Wand              |       |     8 |     5 |       ||    13
    Use: Potion            |     1 |     4 |     5 |     1 ||    11
         Scroll            |       |     8 |     5 |     1 ||    14
   Stab: Distracted        |     1 |       |     1 |       ||     2
 Armour: Animal skin       |     3 |       |       |       ||     3
         Ring mail         |    19 |    46 |    71 |    34 ||   170
         Skin              |       |     5 |     8 |     5 ||    18
  Dodge: Dodged            |    33 |    77 |   196 |    40 ||   346
  Block: Other             |       |    36 |    81 |       ||   117
         Reflection        |       |     2 |     1 |       ||     3
   Form: Maw               |       |       |       |     1 ||     1

Table legend: (Time is in decaauts)
 A = Elapsed time spent in this place.
 B = Non-inter-level travel time spent in this place.
 C = Inter-level travel time spent in this place.
 D = Time resting spent in this place.
 E = Time spent auto-exploring this place.
 F = Levels seen in this place.
 G = Mean time per level.
                   A        B        C        D        E       F      G
               +--------+--------+--------+--------+--------+-----+--------+
         Total |   8572 |   8213 |    359 |   1991 |   4077 |  10 |  857.2 |
       Dungeon |   8372 |   8013 |    359 |   1921 |   4071 |   9 |  930.2 |
         Sewer |    199 |    199 |      0 |     70 |      6 |   1 |  199.0 |
               +--------+--------+--------+--------+--------+-----+--------+

Top non-repeatable levels by time:
     D:2: 1469 daAuts
     D:7: 1455 daAuts
     D:6: 1051 daAuts
     D:4: 1000 daAuts
     D:8: 962 daAuts
     D:1: 860 daAuts
     D:3: 838 daAuts
     D:5: 584 daAuts
   Sewer: 199 daAuts
     D:9: 149 daAuts
